 Dungeon Crawl Stone Soup version 0.24-a0-521-g122614bf49 (webtiles) character file.

Game seed: 15551944017911490397

232417 shinmina the Severer (level 18, -4/174 (175) HPs)
             Began as a Deep Dwarf Fighter on July 25, 2019.
             Was the Champion of Makhleb.
             Killed from afar by a deep elf death mage (9 damage)
             ... with a bolt of negative energy
             ... on level 1 of the Vaults on July 29, 2019.
             The game lasted 03:09:03 (35312 turns).

shinmina the Severer (Deep Dwarf Fighter)          Turns: 35312, Time: 03:09:05

HP:   -4/174 (175)  AC: 30    Str: 26    XL:     18   Next: 38%
MP:   21/21         EV:  8    Int: 11    God:    Makhleb [******]
Gold: 936           SH: 19    Dex: 12    Spells: 17/17 levels left

rFire    + . .     SeeInvis +   a - +6 broad axe (flame)
rCold    + . .     Gourm    .   s - +1 shield {rF+}
rNeg     + . .     Faith    .   M - +2 plate armour {rC+}
rPois    +         Spirit   .   c - +2 helmet {SInv}
rElec    .         Reflect  +   o - +1 cloak
rCorr    .         Harm     .   z - +1 pair of gloves
MR       ++...     Clarity  +   A - +0 pair of boots
Stlth    ..........             T - +5 amulet of reflection
HPRegen  0.00/turn              W - +2 ring of slaying
MPRegen  0.17/turn              r - ring of poison resistance

@: non-regenerating, lightly drained
A: damage resistance, heal wounds, clarity, clever 1, negative energy resistance
1, sense surroundings 3, screaming 1, weak 1, no regeneration
}: 2/15 runes: decaying, gossamer
a: Heal Wounds, Minor Destruction, Lesser Servant of Makhleb, Major Destruction,
Greater Servant of Makhleb, Renounce Religion


You were on level 1 of the Vaults.
You worshipped Makhleb.
Makhleb was exalted by your worship.
You were not hungry.

You visited 7 branches of the dungeon, and saw 33 of its levels.
You also visited: Sewer, Bailey and Ice Cave.

You collected 3433 gold pieces.
You spent 2497 gold pieces at shops.

Inventory:

Hand Weapons
 a - a +6 broad axe of flaming (weapon)
 b - a +3 fustibalus of velocity
 m - the +11 lance "Wyrmbane" {slay drac, rPois rF+ rC+ AC+3}
   (You bought it in a shop on level 12 of the Dungeon)

   It affects your AC (+3).
   It protects you from fire.
   It protects you from cold.
   It protects you from poison.
 N - the +8 whip "Snakebite" {curare, rPois}
   (You found it on level 3 of the Lair of Beasts)

   It poisons the flesh of those it strikes.
   It protects you from poison.
Missiles
 j - 149 sling bullets
 k - 342 stones
 E - 2 throwing nets (quivered)
Armour
 c - a +2 helmet of see invisible (worn)
 o - a +1 cloak (worn)
 s - a +1 shield of fire resistance (worn)
 z - a +1 pair of gloves (worn)
 A - a +0 pair of boots (worn)
 C - the +6 chain mail of Boiling Hail {rF+}
   (You found it on level 1 of the Swamp)

   It protects you from fire.
 M - a +2 plate armour of cold resistance (worn)
Jewellery
 d - an uncursed ring of positive energy
 h - an uncursed ring of fire
 r - a ring of poison resistance (right hand)
 T - a +5 amulet of reflection (around neck)
 U - a +4 ring of evasion
 W - a +2 ring of slaying (left hand)
Wands
 q - a wand of clouds (7)
 O - a wand of digging (10)
 Q - a wand of disintegration (5)
 R - a wand of paralysis (8)
 S - a wand of iceblast (16)
Scrolls
 g - 15 scrolls of remove curse
 n - 26 scrolls of teleportation
 t - 4 scrolls of enchant armour
 y - 3 scrolls of amnesia
 B - 8 scrolls of identify
 D - 4 scrolls of silence
 G - 7 scrolls of fear
 H - 7 scrolls of fog
 I - a scroll of vulnerability {unknown}
 J - 3 scrolls of blinking
 P - 3 scrolls of magic mapping
Potions
 e - 7 potions of flight
 i - 2 potions of invisibility
 p - 8 potions of brilliance
 u - 3 potions of haste
 v - 4 potions of berserk rage
 w - 3 potions of cancellation
 x - 7 potions of curing
 F - 3 potions of resistance
 K - 5 potions of magic
 L - 5 potions of heal wounds
 V - 2 potions of agility
Miscellaneous
 X - a sack of spiders
 Z - a lightning rod (4/4)
Comestibles
 f - 49 rations
 l - 8 chunks of flesh


   Skills:
 + Level 14.1(13.7) Fighting
   Level 0.3(0.2) Short Blades
   Level 0.6(0.5) Long Blades
 + Level 18.8(18.4) Axes
 - Level 0.1(11.4) Maces & Flails
 - Level 0.1(10.6) Polearms
 - Level 9.2 Slings
 - Level 2.5(5.2) Throwing
 * Level 17.7(17.3) Armour
 + Level 13.5(13.2) Shields
 * Level 13.1(12.7) Invocations


You had 17 spell levels left.
You didn't know any spells.
Your spell library contained the following spells:

 Spells                   Type           Power        Failure   Level  Hunger
 Apportation              Tloc           #.....       95%         1    ##.....
 Confusing Touch          Hex            #.....       95%         1    ##.....
 Corona                   Hex            #......      95%         1    ##.....
 Freeze                   Ice            #...         95%         1    ##.....
 Magic Dart               Conj           #...         95%         1    ##.....
 Sandblast                Erth           #.....       95%         1    ##.....
 Summon Butterflies       Summ           #.......     95%         1    ##.....
 Blink                    Tloc           N/A          99%         2    ###....
 Call Imp                 Summ           #.......     99%         2    ###....
 Ensorcelled Hibernation  Hex/Ice        #.....       99%         2    ###....
 Passwall                 Tmut/Erth      #.......     99%         2    ###....
 Searing Ray              Conj           #.....       99%         2    ###....
 Slow                     Hex            #.......     99%         2    ###....
 Confuse                  Hex            #.......     100%        3    ####...
 Conjure Flame            Conj/Fire      #.......     100%        3    ####...
 Dazzling Spray           Conj/Hex       #.....       100%        3    ####...
 Gell's Gravitas          Tloc           #.........   100%        3    ####...
 Inner Flame              Hex/Fire       #.......     100%        3    ####...
 Lesser Beckoning         Tloc           #.........   100%        3    ####...
 Mephitic Cloud           Conj/Pois/Air  #.......     100%        3    ####...
 Portal Projectile        Hex/Tloc       #.....       100%        3    ####...
 Stone Arrow              Conj/Erth      #.....       100%        3    ####...
 Tukima's Dance           Hex            #.......     100%        3    ####...
 Cause Fear               Hex            #.........   100%        4    #####..
 Force Lance              Conj/Tloc      #.......     100%        4    #####..
 Fulminant Prism          Conj/Hex       #.........   100%        4    #####..
 Iskenderun's Mystic Bla  Conj           #.......     100%        4    #####..
 Leda's Liquefaction      Hex/Erth       #.........   100%        4    #####..
 Petrify                  Tmut/Erth      #.......     100%        4    #####..
 Summon Ice Beast         Ice/Summ       #.......     100%        4    #####..
 Alistair's Intoxication  Tmut/Pois      #.......     100%        5    ######.
 Metabolic Englaciation   Hex/Ice        #.........   100%        5    ######.
 Yara's Violent Unravell  Hex/Tmut       #.........   100%        5    ######.
 Invisibility             Hex            #.......     100%        6    #######
 Iron Shot                Conj/Erth      #.........   100%        6    #######
 Statue Form              Tmut/Erth      #........    100%        6    #######


Dungeon Overview and Level Annotations

Branches:
Dungeon (15/15)            Temple (1/1) D:4            Lair (6/6) D:9
  Swamp (4/4) Lair:3       Spider (4/4) Lair:4        Slime (0/5) Lair:5
    Orc (2/2) D:12            Elf (0/3) Orc:2        Vaults (1/5) D:14
 Depths (0/5) D:15

Altars:
Ashenzari
Cheibriados
Dithmenos
Elyvilon
Fedhas
Gozag
Hepliaklqana
Kikubaaqudgha
Makhleb
Nemelex Xobeh
Okawaru
Qazlal
Ru
Sif Muna
Trog
Uskayaw
Vehumet
Wu Jian
Xom
Yredelemnul
Zin
The Shining One
Beogh

Shops:
D:5 (   D:8 =   D:10 =   D:12 [(   Orc:2 }:[}

Annotations:
D:2 exclusion: downstairs
D:3 exclusion: downstairs
D:4 Grinder
D:5 exclusion: 2 downstairs
D:7 exclusion: 2 downstairs
D:8 exclusion: 2 downstairs
D:10 1 runed translucent door, Yorgos's ghost, novice TrAK
D:11 2 transporters, exclusion: 2 downstairs, theanonym's ghost, journeyman DgFE
D:13 exclusions: 2 downstairs and 1 more exclusion
Lair:5 3 runed translucent doors, Azzok's ghost, journeyman FoHu
Swamp:3 exclusion: downstairs
Swamp:4 Mara
Spider:2 exclusion: downstairs


Innate Abilities, Weirdness & Mutations

You are resistant to damage.
You can heal yourself by infusing magical energy.
You resist negative energy. (rN+)
You passively map a large area around you.
You do not regenerate.
You possess an exceptional clarity of mind.
Your mind is acute. (Int +2)
You occasionally shout uncontrollably at your foes.
You are weak. (Str -2)


Message History

You feel your flesh rotting away!
The deep elf demonologist hits you but does no damage.
The deep elf death mage beckons forth a restless soul!
You feel much better. You block the orc's attack.
The deep elf mage points at you and mumbles some strange words.
The bolt of lightning hits you!!
* * * LOW HITPOINT WARNING * * *
The bolt of lightning hits the orc!
The orc dies!
You block the deep elf demonologist's attack.
You block the orc knight's attack. You block the Tzitzimitl's attack.
The Tzitzimitl bites you!
* * * LOW HITPOINT WARNING * * *
You feel your flesh rotting away!
The deep elf death mage points at you and mumbles some strange words.
The bolt of negative energy hits the orc warrior!!!
The orc warrior is drained!
The orc warrior dies!
The bolt of negative energy hits you! You partially resist.
You feel drained.
You die...

* * *####################### , ,
, ........................ ,,,,
...................[.... ,,,
..............#####..... * ,
..............'...##.... ,
....*...(..)..#....##... ,
..)....ยง......#.....##.. , , ,
....e.eo1.....##.....##) ,, ,
...e..)@)...(.(##.....## , , ,
...e.........e..##.....# , ,
,....e2(..........##....' ' '
....##########)...##...# ,
.........#........#..######'#
,,..........#........#..#.......
...........(#........#[[#.......
.............#........#(.#.......
.............#........#))#.......


You could see a Tzitzimitl, an orc knight, a deep elf death mage, a deep elf
sorcerer, a deep elf demonologist, a deep elf archer, a deep elf knight, a deep
elf mage, a lost soul and a friendly green death.

Vanquished Creatures
  Arachne (Spider:4)
  A thorn hunter (Swamp:3)
  Roxanne (D:14)
  2 vault wardens (Vaults:1)
  6 ghost moths
  An orc warlord (Orc:2)
  Louise (Swamp:4)
  Aizul (Spider:2)
  2 ironheart preservers (Vaults:1)
  5 emperor scorpions
  3 very ugly things (Vaults:1)
  4 entropy weavers
  A spark wasp (Spider:4)
  A deep elf annihilator (Vaults:1)
  Azrael (D:15)
  An ettin (D:15)
  2 yaktaur captains (Vaults:1)
  2 ice dragons (Vaults:1)
  3 catoblepae
  3 ghost crabs
  18 hydras
  2 shambling mangroves
  4 ogre magi
  9 death yaks
  3 centaur warriors
  9 two-headed ogres
  A deep troll shaman (Lair:6)
  4 orc high priests (Orc:2)
  10 alligators
  6 spriggans
  Sonja (Lair:2)
  A hell knight (D:15)
  4 skeletal warriors (D:14)
  5 unseen horrors
  A wizard (Vaults:1)
  3 spriggan druids
  3 deep trolls (Vaults:1)
  5 swamp dragons (Swamp:4)
  A lindwurm (Lair:6)
  An ironbrand convoker (Vaults:1)
  An oklob plant (Lair:1)
  7 orc sorcerers
  A manticore (shapeshifter) (Vaults:1)
  8 orb spiders
  26 wolf spiders
  A cyclops (D:14)
  8 orc knights
  3 moths of wrath
  A manticore (D:12)
  14 ugly things
  6 elephants
  A centaur zombie (D:13)
  5 black mambas
  4 vault sentinels (Vaults:1)
  2 gargoyles
  12 spiny frogs
  17 demonic crawlers
  A freezing wraith (Vaults:1)
  8 yaktaurs
  10 komodo dragons
  An efreet (D:15)
  An ice devil (IceCv)
  A yaktaur (shapeshifter) (D:13)
  A tengu conjurer (D:15)
  Prince Ribbit (D:5)
  23 jumping spiders
  A queen bee (Lair:2)
  9 tyrant leeches
  A polar bear (Lair:5)
  9 trolls
  19 hornets
  10 hippogriffs
  16 slime creatures
  8 bog bodies
  12 blink frogs
  4 dream sheep (Lair:5)
  A dream sheep (shapeshifter) (D:15)
  43 redbacks
  4 shadows
  22 tarantellas
  2 wraiths
  A vampire (D:9)
  24 yaks
  2 wyverns
  9 basilisks
  3 hogs (D:14)
  6 fire elementals (D:15)
  2 hungry ghosts
  24 vampire mosquitoes
  A naga (shapeshifter) (D:15)
  5 wargs
  Edmund (D:5)
  14 swamp worms
  9 insubstantial wisps (Swamp:4)
  4 soldier ants (Lair:4)
  An acid dragon (D:13)
  17 water moccasins
  Duvessa (D:6)
  9 porcupines
  3 ice beasts
  45 orc warriors
  5 sky beasts
  2 phantoms
  3 black bears
  31 ogres
  9 swamp drakes
  A necrophage (D:10)
  21 wolves
  A boggart (Vaults:1)
  14 centaurs
  13 crocodiles
  3 big kobolds
  Blork the orc (D:5)
  23 bullfrogs
  Dowan (D:6)
  6 scorpions
  9 wights
  43 killer bees
  2 electric eels (Lair:4)
  4 howler monkeys
  11 crimson imps
  9 hounds
  5 jellies
  33 orc priests
  7 centaur skeletons
  An iguana (D:12)
  Natasha (thrice) (D:3)
  26 orc wizards
  9 hell rats
  13 worker ants
  A hound skeleton (D:9)
  Robin (D:2)
  2 worker ant zombies
  5 gnolls
  20 adders
  5 river rats
  6 shadow imps
  4 white imps (IceCv)
  6 ufetubi (IceCv)
  An ooze (D:1)
  6 worms
  3 dart slugs
  7 leopard geckos
  125 orcs
  3 ball pythons
  5 bats
  7 giant cockroaches
  17 goblins
  9 hobgoblins
  23 jackals
  3 quokkas
  12 frilled lizards
  A jackal skeleton (D:4)
  23 kobolds
  A quokka skeleton (D:6)
  13 rats
  A fungus (Lair:3)
  4 plants
1262 creatures vanquished.

Vanquished Creatures (collateral kills)
  Donald (Orc:2)
  Kirke (D:14)
  Harold (D:8)
  Fannar (D:10)
  2 hydras (Swamp:4)
  A shambling mangrove (Swamp:4)
  A death knight (D:14)
  2 two-headed ogres
  A queen ant (Lair:4)
  An orc high priest (Orc:2)
  3 spriggans (Swamp:4)
  A skeletal warrior (D:14)
  A swamp dragon (Swamp:4)
  A lindwurm (Lair:4)
  A deep elf mage (D:12)
  2 ugly things (D:15)
  A wolf spider (Spider:4)
  A spiny frog (Lair:4)
  A komodo dragon (Swamp:4)
  A queen bee (D:11)
  3 hornets (Swamp:4)
  2 slime creatures (Swamp:4)
  3 redbacks
  2 tarantellas (Spider:4)
  2 hogs (D:14)
  A soldier ant (Lair:4)
  A water moccasin (D:9)
  3 swamp drakes (Swamp:4)
  A sky beast (D:9)
  4 orc warriors
  A centaur (D:8)
  An ogre (D:8)
  A crocodile (Lair:4)
  A gnoll sergeant (D:8)
  5 killer bees (D:11)
  2 worker ants
  3 gnolls (D:8)
  3 orcs
64 creatures vanquished.

Vanquished Creatures (others)
  An ironheart preserver (Vaults:1)
  Nessos (Lair:6)
  An unseen horror (Vaults:1)
  A manticore (D:14)
  A wolf spider (Spider:2)
  A spiny frog (Lair:6)
  2 yaktaurs (D:14)
  2 hornets
  A swamp worm (Swamp:4)
  An orc warrior (Vaults:1)
  An eye of draining (D:15)
  2 centaurs
  An adder (D:12)
  4 white imps (IceCv)
  4 ufetubi (IceCv)
  3 orcs
  5 kobolds (Bailey)
  10 fungi
  9 plants (Lair:4)
51 creatures vanquished.

Grand Total: 1377 creatures vanquished

Notes
Turn   | Place    | Note
-------+----------+-------------------------------------------
     0 | D:1      | shinmina the Deep Dwarf Fighter began the quest for the
                  | Orb.
     0 | D:1      | Reached XP level 1. HP: 20/20 MP: 1/1
   163 | D:1      | Reached XP level 2. HP: 25/27 MP: 2/2
   446 | D:1      | Reached XP level 3. HP: 25/33 MP: 3/3
   496 | D:1      | Reached skill level 3 in Axes
   879 | D:2      | Noticed Robin
   927 | D:2      | Killed Robin
   927 | D:2      | Reached XP level 4. HP: 22/40 MP: 4/4
  1210 | D:2      | Found a shimmering altar of Xom.
  1705 | D:3      | Reached skill level 1 in Throwing
  1732 | D:3      | Found an ancient bone altar of Kikubaaqudgha.
  1983 | D:3      | Reached XP level 5. HP: 42/49 MP: 5/5
  1994 | D:3      | Reached skill level 4 in Axes
  2222 | D:3      | Noticed Natasha
  2227 | D:3      | Killed Natasha
  2431 | D:3      | Found an ancient bone altar of Kikubaaqudgha.
  2984 | D:4      | Noticed a phantom
  3024 | D:4      | Noticed Grinder
  3103 | D:3      | Noticed Natasha
  3111 | D:3      | Killed Natasha
  3130 | D:3      | Noticed Natasha
  3157 | D:3      | Killed Natasha
  3271 | D:4      | Noticed an ogre
  3303 | D:4      | Killed an ogre
  3303 | D:4      | Reached XP level 6. HP: 40/56 MP: 4/4
  3356 | D:4      | Reached skill level 5 in Axes
  3459 | D:4      | Found a staircase to the Ecumenical Temple.
  3465 | Temple   | Entered the Ecumenical Temple
  3507 | Temple   | Became a worshipper of Makhleb the Destroyer
  3814 | D:5      | Entered Level 5 of the Dungeon
  3844 | D:4      | Reached skill level 5 in Armour
  3844 | D:4      | Reached XP level 7. HP: 17/62 MP: 5/5
  3894 | D:5      | Noticed Blork the orc
  4251 | D:5      | Found Kileaxeho's Antique Weapon Shop.
  4420 | D:5      | Reached * piety under Makhleb
  4448 | D:5      | Found a glowing drain.
  4465 | D:5      | Reached skill level 6 in Axes
  4514 | D:5      | Killed Blork the orc
  4565 | Sewer    | Entered a sewer
  4962 | D:5      | Found a sparkling altar of Nemelex Xobeh.
  5083 | D:5      | Reached XP level 8. HP: 65/72 MP: 6/6
  5168 | D:5      | Noticed Edmund
  5176 | D:5      | Killed Edmund
  5188 | D:5      | Reached ** piety under Makhleb
  5421 | D:5      | Reached skill level 7 in Axes
  5429 | D:5      | Noticed Prince Ribbit
  5454 | D:5      | Killed Prince Ribbit
  5454 | D:5      | Reached skill level 5 in Fighting
  5802 | D:5      | Bought a runed fustibalus for 324 gold pieces
  5953 | D:6      | Reached skill level 1 in Slings
  6138 | D:6      | Gained mutation: You passively map the area around you.
                  | [Deep Dwarf growth]
  6138 | D:6      | Reached XP level 9. HP: 68/81 MP: 7/7
  6366 | D:6      | Noticed Dowan
  6452 | D:5      | Reached *** piety under Makhleb
  6796 | D:6      | Noticed Duvessa
  6800 | D:6      | Killed Duvessa
  6800 | D:6      | Reached skill level 5 in Slings
  6988 | D:6      | Found a shadowy altar of Dithmenos.
  7103 | D:6      | Killed Dowan
  7126 | D:6      | Found a blossoming altar of Fedhas.
  7126 | D:6      | Found a snail-covered altar of Cheibriados.
  7126 | D:6      | Found a glowing golden altar of the Shining One.
  7130 | D:6      | Found an iron altar of Okawaru.
  7130 | D:6      | Found an opulent altar of Gozag.
  7132 | D:6      | Found a shimmering altar of Xom.
  7463 | D:7      | Reached skill level 1 in Invocations
  7694 | D:7      | Reached skill level 8 in Axes
  7833 | D:8      | Noticed Harold
  8059 | D:8      | Found Fain's Jewellery Shoppe.
  8088 | D:8      | Bought a +5 amulet of reflection for 494 gold pieces
  8136 | D:8      | Found an ornate altar of the Wu Jian Council.
  8204 | D:8      | Killed Harold
  8204 | D:8      | Reached XP level 10. HP: 50/91 MP: 7/9
  8232 | D:8      | Noticed a two-headed ogre
  8244 | D:8      | Reached **** piety under Makhleb
  8253 | D:8      | Killed a two-headed ogre
  8448 | D:8      | Found an ornate altar of the Wu Jian Council.
  8592 | D:9      | Found a bloodstained altar of Trog.
  8647 | D:9      | Found a staircase to the Lair.
  8796 | D:9      | Reached skill level 5 in Shields
  8866 | D:9      | Found a radiant altar of Vehumet.
  9168 | D:9      | Reached skill level 9 in Axes
  9595 | D:9      | Noticed a centaur warrior
  9626 | D:9      | Killed a centaur warrior
  9670 | D:9      | Reached skill level 5 in Invocations
  9973 | D:10     | Entered Level 10 of the Dungeon
 10022 | D:10     | Noticed Fannar
 10042 | D:10     | Killed Fannar
 10042 | D:10     | Reached XP level 11. HP: 65/99 MP: 11/11
 10114 | D:10     | Reached skill level 10 in Armour
 10450 | D:10     | Found a runed translucent door.
 10450 | D:10     | Noticed Yorgos's ghost (novice TrAK)
 10527 | D:10     | Found an iron altar of Okawaru.
 10620 | D:10     | Found Das Xuom's Jewellery Shoppe.
 10752 | D:11     | Found a frozen archway.
 10827 | IceCv    | Entered an ice cave
 11082 | D:11     | Found a transporter.
 11161 | D:11     | Noticed theanonym's ghost (journeyman DgFE)
 11280 | D:11     | Noticed a two-headed ogre
 11287 | D:11     | Killed a two-headed ogre
 11287 | D:11     | Reached skill level 10 in Axes
 11436 | D:11     | Found a transporter.
 11526 | D:11     | Reached ***** piety under Makhleb
 11806 | D:12     | Noticed a deep elf mage
 11890 | D:12     | Killed a deep elf mage
 11909 | D:12     | Found Rouquwn's Armour Shop.
 11909 | D:12     | Found a staircase to the Orcish Mines.
 11909 | D:12     | Found Udal's Weapon Shop.
 12125 | D:12     | Noticed a two-headed ogre
 12132 | D:12     | Killed a two-headed ogre
 12211 | D:12     | Found a flagged portal.
 12221 | Bailey   | Entered a bailey
 12343 | Bailey   | Found a burning altar of Makhleb.
 12460 | D:12     | Killed an unseen horror
 12588 | D:12     | Bought a +2 plate armour of cold resistance for 640 gold
                  | pieces
 12840 | D:12     | You fall into a shaft and drop 3 floors!
 12840 | D:15     | Entered Level 15 of the Dungeon
 12840 | D:15     | Noticed a two-headed ogre
 12842 | D:15     | Noticed a hell knight
 12880 | D:15     | Noticed a green ugly thing
 12880 | D:15     | Noticed a green ugly thing
 12903 | D:15     | Noticed a green ugly thing
 12904 | D:15     | Killed a green ugly thing
 12904 | D:15     | Reached skill level 11 in Axes
 12908 | D:15     | Reached XP level 12. HP: 110/110 MP: 11/11
 13517 | D:14     | Reached skill level 12 in Axes
 13543 | D:14     | Noticed a death knight
 13555 | D:14     | Killed a death knight
 14670 | D:14     | Reached skill level 13 in Axes
 14716 | D:14     | Noticed a two-headed ogre
 14725 | D:14     | Killed a two-headed ogre
 14824 | D:14     | Reached XP level 13. HP: 109/121 MP: 12/12
 15234 | D:14     | Noticed Kirke
 15245 | D:14     | Noticed a sphinx
 15489 | D:14     | Found a gate to the Vaults.
 15802 | Lair:1   | Entered Level 1 of the Lair of Beasts
 15993 | Lair:1   | Identified the +9 flail of Xutui {speed, rC+ rN+ Str+5}
                  | (You found it on level 1 of the Lair of Beasts)
 16180 | Lair:1   | Reached ****** piety under Makhleb
 16262 | Lair:1   | Reached skill level 10 in Fighting
 16262 | Lair:1   | Reached skill level 14 in Axes
 16813 | Lair:2   | Noticed Sonja
 16818 | Lair:2   | Killed Sonja
 17631 | Lair:3   | Gained mutation: You resist negative energy. (rN+) [Deep
                  | Dwarf growth]
 17631 | Lair:3   | Reached XP level 14. HP: 133/133 MP: 13/13
 17634 | Lair:3   | Reached skill level 15 in Axes
 17885 | Lair:3   | Gained mutation: You are weak. (Str -2) [potion of
                  | mutation]
 17885 | Lair:3   | Gained mutation: You possess an exceptional clarity of
                  | mind. [potion of mutation]
 17885 | Lair:3   | Gained mutation: You occasionally shout uncontrollably at
                  | your foes. [potion of mutation]
 17885 | Lair:3   | Gained mutation: Your mind is acute. (Int +2) [potion of
                  | mutation]
 17967 | Lair:3   | Found the +8 whip "Snakebite" {curare, rPois}
 18631 | Lair:3   | Found a staircase to the Swamp.
 18802 | Lair:4   | Noticed an entropy weaver
 18802 | Lair:4   | Noticed an entropy weaver
 18815 | Lair:3   | Killed an entropy weaver
 18831 | Lair:4   | Killed an entropy weaver
 19174 | Lair:4   | Found a hole to the Spider Nest.
 19520 | Lair:4   | You fall into a shaft and drop 2 floors!
 19520 | Lair:6   | Entered Level 6 of the Lair of Beasts
 19554 | Lair:6   | Found a hazy altar of Hepliaklqana.
 19600 | Lair:6   | Identified Fisaam's Papyrus of Dusty Ice
 19667 | Lair:6   | Noticed Nessos
 19685 | Lair:6   | Killed Nessos
 20018 | Lair:5   | Reached skill level 16 in Axes
 20093 | Lair:5   | Found a staircase to the Slime Pits.
 20591 | Lair:5   | Noticed Azzok's ghost (journeyman FoHu)
 20616 | Lair:5   | Found a runed translucent gate.
 20616 | Lair:5   | Found a runed translucent gate.
 20616 | Lair:5   | Found a runed translucent gate.
 21449 | Lair:6   | Reached skill level 15 in Armour
 21968 | Lair:6   | Reached XP level 15. HP: 142/142 MP: 15/15
 22392 | Orc:1    | Entered Level 1 of the Orcish Mines
 22464 | Orc:2    | Entered Level 2 of the Orcish Mines
 22779 | Orc:2    | Noticed Donald
 22796 | Orc:2    | Killed Donald
 22900 | Orc:2    | Reached skill level 17 in Axes
 23113 | Orc:2    | Found a staircase to the Elven Halls.
 23347 | Orc:2    | Found a roughly hewn altar of Beogh.
 23364 | Orc:2    | Found Yluloqan's Gadget Boutique.
 23389 | Orc:2    | Found Vonaism Toel's Armour Shop.
 23710 | Orc:2    | Noticed an orc warlord
 23747 | Orc:2    | Killed an orc warlord
 23796 | Orc:2    | Found a roughly hewn altar of Beogh.
 23846 | Orc:2    | Found Qoumnar's Gadget Shop.
 23983 | Orc:2    | Found Kocso's Book Shoppe.
 24418 | Orc:2    | Bought a +1 helmet of see invisible for 231 gold pieces
 24891 | D:14     | Killed Kirke
 25039 | D:14     | Identified Roxanne's Grimoire of the Mountains
 25039 | D:14     | Noticed Roxanne
 25071 | D:14     | Killed Roxanne
 25229 | D:15     | Noticed Azrael
 25242 | D:15     | Killed Azrael
 25465 | D:15     | Found a staircase to the Depths.
 25617 | D:15     | Reached skill level 18 in Axes
 26079 | Spider:1 | Entered Level 1 of the Spider Nest
 26210 | Spider:1 | Reached XP level 16. HP: 152/152 MP: 18/18
 26845 | Spider:2 | Reached skill level 10 in Shields
 27119 | Spider:2 | Noticed Aizul
 27142 | Spider:2 | Killed Aizul
 27775 | D:12     | Bought the +8 lance "Wyrmbane" {slay drac, rPois rF+ rC+
                  | AC+3} for 808 gold pieces
 27775 | D:12     | Found the +8 lance "Wyrmbane" {slay drac, rPois rF+ rC+
                  | AC+3}
 29063 | Spider:4 | Entered Level 4 of the Spider Nest
 29112 | Spider:4 | Reached skill level 10 in Invocations
 29261 | Spider:4 | Noticed Arachne
 29277 | Spider:4 | Killed Arachne
 30025 | Spider:4 | Reached XP level 17. HP: 139/163 MP: 0/20
 30254 | Spider:4 | HP: 8/163 [emperor scorpion (19)]
 30255 | Spider:4 | HP: 3/163 [poisoned by an emperor scorpion]
 30477 | Spider:4 | Got a gossamer rune of Zot
 30657 | Swamp:1  | Entered Level 1 of the Swamp
 30937 | Swamp:1  | Identified the +6 chain mail of Boiling Hail {rF+} (You
                  | found it on level 1 of the Swamp)
 32221 | Swamp:2  | Upgraded the game from 0.24-a0-520-g8fd06ad0bc to
                  | 0.24-a0-521-g122614bf49
 33017 | Swamp:4  | Entered Level 4 of the Swamp
 33023 | Swamp:4  | Noticed Louise
 33291 | Swamp:4  | Killed Louise
 33583 | Swamp:4  | Noticed Mara
 33598 | Swamp:4  | Noticed shinmina's illusion
 33810 | Swamp:4  | Got a decaying rune of Zot
 33874 | Swamp:4  | Gained mutation: You passively map a large area around you.
                  | [Deep Dwarf growth]
 33874 | Swamp:4  | Reached XP level 18. HP: 96/174 MP: 21/21
 34389 | Vaults:1 | Entered Level 1 of the Vaults
 35220 | Vaults:1 | Noticed a Tzitzimitl
 35307 | Vaults:1 | Noticed a Tzitzimitl
 35312 | Vaults:1 | HP: 5/175 [Tzitzimitl[a deep elf demonologist] (12)]
 35312 | Vaults:1 | Killed from afar by a deep elf death mage

Levels and vault maps discovered:
D:1:      saegor_arrival_miasma, layout_rooms
D:2:      layout_loops_cross, minmay_statues_item, xom_teletrap_fun, uniq_robin
D:3:      layout_basic, lemuel_round_altar, first_ration, uniq_natasha
D:4:      layout_cave_pools, minmay_temple_entry_enclosed_plants, uniq_grinder
D:5:      minmay_polygon_palace, layout_basic, nemelex_altar_shiori,
          serial_shops, nicolae_shop_stone, portal_sewer_entry_a,
          grunt_ministairs_9, uniq_edmund, uniq_blork_the_orc,
          uniq_prince_ribbit1
D:6:      layout_cave_pools, grunt_temple_overflow_open,
          grunt_dithmenos_shadows, uniq_duvessa
D:7:      layout_basic, kennysheep_generic_room_6
D:8:      layout_rooms, kennysheep_little_box, serial_shops, shop, basic_altar,
          uniq_harold
D:9:      minmay_slanted_spiral_squares, layout_irregular_city,
          old_standard_altar, kennysheep_mini_moat, lair_entry_dummy
D:10:     layout_loops_ring, serial_shops, nicolae_shop_crystal,
          ebering_ghost_reflecting_pool, basic_altar, uniq_fannar
D:11:     layout_cross, gammafunk_ghost_mausoleum,
          portal_ice_cave_entry_pillars_1, david_nohive_1,
          hangedman_decor_growths
D:12:     layout_stronghold, orc_david_3, enter_bailey_6,
          minmay_misc_feat_diagonals
D:13:     layout_cave_pools, minmay_misc_feat_five
D:14:     layout_cave_pods, hangedman_vaults_entry_quadrant_bands, uniq_kirke,
          uniq_roxanne
D:15:     hangedman_depths_entry_civil_slaughter, layout_irregular_city,
          chequers_serial_rivers_small_3, uniq_azrael
Temple:   cyrus_temple_forest
Lair:1:   layout_cave_shapes, minmay_lair_oklob_chamber, grunt_megastairs_4
Lair:2:   layout_roguey [special_room_bee], grunt_megastairs_5, uniq_sonja
Lair:3:   minmay_guarded_unrand_snakebite, layout_gridlike,
          minmay_swamp_entry_worms, infiniplex_staircase_pool_2
Lair:4:   layout_roguey, spider_nest_entry_webs, st_stairs_7,
          nicolae_quartered_pool_super, wad_woods_antlair,
          infiniplex_staircase_pool
Lair:5:   layout_layer_cave, slime_dummy, gammafunk_ghost_icy,
          serial_bayou_shore_b
Lair:6:   grunt_lair_end_beastmaster, layout_regular_city, basic_altar,
          minivault_27, st_stairs_6, uniq_nessos
Swamp:1:  layout_basic_swamp, serial_swamp_ruin, hangedman_swamp_ruin_wall,
          evilmike_swamp_ruin_house_5
Swamp:2:  layout_basic_swamp, evilmike_swamp_ruin_house_2
Swamp:3:  layout_falls_marsh, evilmike_swamp_ruin_house_3
Swamp:4:  swamp, layout_basic_swamp, uniq_mara, uniq_louise
Spider:1: layout_spider_delve
Spider:2: spiders_nest_scorpion_pit, special_room, uniq_aizul
Spider:3: layout_spider_delve, einodemon_crawler_minivault,
          nicolae_spider_cling_ruins, nicolae_spider_cling_halls
Spider:4: spider_rune_water, hive_lemuel, hangedman_spider_tarantella_strand,
          uniq_arachne
Orc:1:    layout_diamond_mine
Orc:2:    pubby_orc_utopia, serial_shops, uniq_donald
Vaults:1: v_pattern_5, hangedman_vaults_variations,
          nicolae_vaults_diagonal_hallway_6, hangedman_vaults_nodes, v_misc_22,
          vaults_mumra_hex, vaults_room_grunt_arrival_ludios, vaults_room_fours,
          vaults_room_ringed_pool, nicolae_vaults_shelves_hall,
          ontoclasm_vaults_ring_large, layout_vaults_omnibox

Skill      XL: |  1  2  3  4  5  6  7  8  9 10 11 12 13 14 15 16 17 18 |
---------------+-------------------------------------------------------+-----
Axes           | 3 4 5 6 7 8 9 11 13 14 16 18 | 18.8
Shields        | 4 6 8 9 11 13 | 13.5
Fighting       | 3 4 5 6 7 9 10 11 12 13 14 | 14.1
Throwing       | 1 2 |  2.5
Armour         | 4 5 6 7 8 9 11 12 13 15 16 17 | 17.7
Slings         | 2 7 9 |  9.2
Invocations    | 3 5 8 10 12 13 | 13.1
Short Blades   | |  0.3
Long Blades    | |  0.6
Maces & Flails | |  0.1
Polearms       | |  0.1

Action                   |  1- 3 |  4- 6 |  7- 9 | 10-12 | 13-15 | 16-18 || total
-------------------------+-------+-------+-------+-------+-------+-------++-------
Melee: War axe           |   120 |   177 |   169 |   167 |       |       ||   633
       Dagger            |       |    10 |   225 |    41 |       |       ||   276
       Broad axe         |       |       |       |    93 |  1111 |  1240 ||  2444
       Fustibalus        |       |       |       |     1 |       |       ||     1
       Whip              |       |       |       |       |   102 |       ||   102
       Flail             |       |       |       |       |    44 |       ||    44
       Scimitar          |       |       |       |       |       |    31 ||    31
       Lance             |       |       |       |       |       |    45 ||    45
 Fire: Fustibalus        |       |       |   197 |   621 |   881 |   489 ||  2188
Throw: Boomerang         |    30 |    42 |     2 |       |       |       ||    74
       Stone             |       |    13 |     6 |       |       |       ||    19
       Dart              |       |    12 |    33 |     5 |       |     3 ||    53
       Throwing net      |       |       |       |       |       |     1 ||     1
Invok: Lesser Servant of |       |       |     1 |    12 |    11 |     9 ||    33
       Greater Servant o |       |       |       |       |       |     5 ||     5
 Abil: Heal Wounds       |       |     3 |     5 |     5 |       |     7 ||    20
Evoke: Wand              |       |       |       |     1 |     6 |     4 ||    11
       Lightning rod     |       |       |       |       |     4 |     4 ||     8
  Use: Scroll            |       |     6 |     3 |    20 |     6 |    17 ||    52
       Potion            |       |       |     2 |     2 |     1 |     7 ||    12
 Stab: Distracted        |       |       |       |     1 |     2 |     5 ||     8
       Petrified         |       |       |       |       |    11 |       ||    11
       Held in net/web   |       |       |       |       |       |     3 ||     3
  Eat: Chunk             |       |     7 |    14 |    16 |    25 |    18 ||    80
       Ration            |       |     1 |       |     2 |     4 |     4 ||    11
Armor: Chain mail        |    67 |    84 |   216 |    32 |       |   219 ||   618
       Scale mail        |     3 |       |       |       |       |       ||     3
       Plate armour      |       |       |       |   244 |   652 |   746 ||  1642
       Robe              |       |       |       |     6 |       |       ||     6
Dodge: Dodged            |    37 |    46 |    94 |   110 |   247 |   365 ||   899
Block: Shield            |    81 |    79 |   258 |   519 |  1246 |  1454 ||  3637
       Reflection        |       |       |     2 |    49 |    28 |    29 ||   108
       Rpst.: Scimitar   |       |       |       |       |       |     2 ||     2

Table legend:
 A = Non-vault XP
 B = Vault XP
 C = Vault XP percentage of total XP
 D = Non-vault monster count
 E = Vault monster count
 F = Vault count percentage of total count
                 A         B        C        D         E       F
            +---------+---------+-------+---------+---------+-------
      Total |  196764 |  126780 |  39.2 |     843 |     499 |  37.2
            +---------+---------+-------+---------+---------+-------
        D:1 |      53 |       0 |   0.0 |      27 |       0 |   0.0
        D:2 |      47 |      36 |  43.4 |      15 |      11 |  42.3
        D:3 |     197 |      36 |  15.5 |      33 |       1 |   2.9
        D:4 |     516 |       0 |   0.0 |      12 |       0 |   0.0
        D:5 |     557 |     943 |  62.9 |      31 |      18 |  36.7
        D:6 |     877 |     231 |  20.8 |      33 |       3 |   8.3
        D:7 |     673 |      67 |   9.1 |      14 |       2 |  12.5
        D:8 |    1787 |     968 |  35.1 |      37 |       1 |   2.6
        D:9 |    1249 |    1912 |  60.5 |      21 |      12 |  36.4
       D:10 |    1464 |     844 |  36.6 |      26 |       1 |   3.7
       D:11 |    2855 |     843 |  22.8 |      24 |      16 |  40.0
       D:12 |    4134 |     154 |   3.6 |      24 |       8 |  25.0
       D:13 |    4601 |       0 |   0.0 |      22 |       0 |   0.0
       D:14 |   11380 |   10180 |  47.2 |      36 |      25 |  41.0
       D:15 |   13847 |    6472 |  31.9 |      41 |      13 |  24.1
     Lair:1 |    3546 |    1053 |  22.9 |      12 |       3 |  20.0
     Lair:2 |    8802 |    3369 |  27.7 |      41 |      30 |  42.3
     Lair:3 |    6194 |    2479 |  28.6 |      23 |      13 |  36.1
     Lair:4 |    8147 |    3573 |  30.5 |      25 |      18 |  41.9
     Lair:5 |    6608 |       0 |   0.0 |      26 |       0 |   0.0
     Lair:6 |    7237 |    8940 |  55.3 |      26 |      18 |  40.9
    Swamp:1 |   13694 |       0 |   0.0 |      32 |       0 |   0.0
    Swamp:2 |    8169 |       0 |   0.0 |      22 |       0 |   0.0
    Swamp:3 |   10824 |       0 |   0.0 |      23 |       0 |   0.0
    Swamp:4 |   12762 |   15021 |  54.1 |      43 |      26 |  37.7
   Spider:1 |    9508 |       0 |   0.0 |      30 |       0 |   0.0
   Spider:2 |   10883 |    8979 |  45.2 |      30 |      21 |  41.2
   Spider:3 |   12888 |    1816 |  12.4 |      32 |       7 |  17.9
   Spider:4 |   10408 |   24976 |  70.6 |      21 |      43 |  67.2
      Orc:1 |    2845 |       0 |   0.0 |      27 |       0 |   0.0
      Orc:2 |       0 |   21691 | 100.0 |       0 |     147 | 100.0
   Vaults:1 |   20012 |   11271 |  36.0 |      34 |      19 |  35.8
      Sewer |       0 |      91 | 100.0 |       0 |      16 | 100.0
     Bailey |       0 |     416 | 100.0 |       0 |      16 | 100.0
      IceCv |       0 |     419 | 100.0 |       0 |      11 | 100.0
            +---------+---------+-------+---------+---------+-------
